Unix NetHack Version 5.0.0-0 post-release - last build May 31 2026 23:59:36 (970b52f25bf058293b47ddfd14a1e40e571c508c,branch:main).

Game began 2026-06-05 02:41:17, ended 2026-06-05 02:47:01.

Kwijibo4686, neutral female human Valkyrie

                                        -- --    ---      ---
                                      ---.--.-  --.---  ---.----
                                      |.......---*...| --......
                                      |..............|  ......-
                                       -.............-- -.....|
                                       |   --....^....---.....----
                                       |.........^...............------
                                       -------...--...)...............-
                                             ---- -----..--..-.....--
                                                      |.)*.........-----
                                                -------)...................-
                                                -..................-----   |
                             ---     ---       -..............--...----
                          ----..---  ..      |........--.....--|......--
                          ........---.---  ... --...-- ---...| --.--<..|
                           -..-......G.....` -  --.-     --.--  -----.--
                           |........(-           --       ---       ---
                           -- |....).|
                              ---.@..|
                                |..---
                                ----
Kwijibo4686 the Skirmisher  St:18/05 Dx:8 Co:18 In:7 Wi:9 Ch:10  Neutral
Dlvl:3  $:13 HP:0(28) Pw:5(6) AC:5  Xp:3 T:1037  Hungry  

Latest messages:
 With great effort you move the boulder.
 You see here 9 ya.
 $ - 7 gold pieces (13 in total).
 The shrieker shrieks.
 You kill the shrieker!
 The door opens.
 You see here a statue of a lichen.
 You kill the gecko!
 You see here a gecko corpse.
 There is a gecko corpse here; eat it? [ynq] (n) y
 Blecch!  Rotten food!
 You feel rather light headed.
 You descend the stairs.
 You feel less confused now.
 You are beginning to feel hungry.
 The gnome wields a crossbow!
 The gnome shoots 2 crossbow bolts!
 You are hit by the 1st crossbow bolt.
 You are hit by the 2nd crossbow bolt.
 The gnome lord wields an aklys!
 The gnome lord secures the tether on the aklys.
 You kill the gnome!
 The gnome lord throws an aklys!
 An aklys misses you.
 The aklys returns to the gnome lord's hand!
 You see here a yellow gem.
 The gnome lord swings his aklys.
 The gnome lord hits!
 You hit the gnome lord!
 The dwarf throws a dagger!
 The dagger hits the gnome lord.
 You kill the gnome lord!
 Welcome to experience level 3.
 You feel stealthy!
 The gnome shoots an arrow!
 An arrow misses you.
 The gnome swings his bow.
 The gnome hits!
 The gnome picks up a gem.
 You miss the gnome.
 The gnome swings his bow.
 The gnome hits!
 You kill the gnome!
 You feel your magical energy drain away!
 You materialize in a different location!
 You see here a leash.
 The gnome lord shoots 2 crossbow bolts!
 You are hit by the 1st crossbow bolt!
 You die...
 Do you want your possessions identified? [ynq] (y) q

Inventory:
 Coins    ('$')
  $ - 13 gold pieces
 Weapons  (')')
  b - a +0 dagger (alternate weapon; not wielded)
  a - a +1 spear (weapon in right hand)
 Armor    ('[')
  j - an uncursed +0 orcish helm (being worn)
  c - an uncursed +3 small shield (being worn)
 Comestibles  ('%')
  m - an uncursed cram ration
  d - 3 uncursed food rations
  i - an uncursed lichen corpse
 Spellbooks  ('+')
  l - an uncursed spellbook of cure blindness
 Wands    ('/')
  n - a wand of polymorph (0:7)

Kwijibo4686 the Valkyrie's attributes:

Background:
 You were a Skirmisher, a level 3 human Valkyrie.
 You were neutral, on a mission for Odin
 who was opposed by Tyr (lawful) and Loki (chaotic).
 You were right-handed.
 You were in the Gnomish Mines, on level 3.
 You entered the dungeon 1037 turns ago.
 It was nighttime.
 You had 56 experience points, 24 more were needed to attain level 4.

Basics:
 You had 0 out of 28 hit points.
 You had 5 out of 6 energy points (spell power).
 Your armor class was 5.
 Your wallet contained 13 zorkmids.
 Autopickup was on for '$?!/="' plus thrown.

Final Characteristics:
 Your strength was 18/05 (limit:18/100).
 Your dexterity was 8 (limit:18).
 Your constitution was 18 (limit:18).
 Your intelligence was 7 (limit:18).
 Your wisdom was 9 (limit:18).
 Your charisma was 10 (limit:18).

Final Status:
 You were hungry.
 You were unencumbered.
 You were wielding a spear.
 You had basic skill with spear.

Final Attributes:
 You were fervently aligned.
 You were cold resistant.
 You were stealthy.
 You are dead.

Miscellaneous:
 You didn't encounter any bones levels.
 Total elapsed playing time was 5 minutes and 43 seconds.

Major events:
 Turn
    1: Kwijibo4686 the neutral human Valkyrie entered the dungeon
  729: entered the Gnomish Mines
 1020: attained the rank of Skirmisher (level 3)
 1037: killed by a crossbow bolt

You didn't know any spells.

Skills:
 Fighting Skills
   bare handed combat [Unskilled]
   two weapon combat  [Unskilled]
   riding             [Unskilled]
 Weapon Skills
   dagger             [Basic]
   axe                [Unskilled]
   pick-axe           [Unskilled]
   short sword        [Unskilled]
   broadsword         [Unskilled]
   long sword         [Unskilled]
   two-handed sword   [Unskilled]
   saber              [Unskilled]
   hammer             [Unskilled]
   quarterstaff       [Unskilled]
   polearms           [Unskilled]
   spear              [Basic]
   trident            [Unskilled]
   lance              [Unskilled]
   sling              [Unskilled]
 Spellcasting Skills
   attack spells      [Unskilled]
   escape spells      [Unskilled]

Voluntary challenges:
 Character rerolling was not enabled.
 You were illiterate.
 You never genocided any monsters.
 You never polymorphed an object.
 You never changed form.
 You used no wishes.
Achievements:
 You entered the Gnomish Mines.
 You attained the rank of Skirmisher.

 The Dungeons of Doom: levels 1 to 3
    Level 1:
       An altar, a sink, some graves.
    Level 2:
       A fountain, a sink.
       Stairs down to The Gnomish Mines.
    Level 3:
 The Gnomish Mines:
    Level 3: <- You were here.
       Final resting place for
          you, killed by a crossbow bolt.


Vanquished creatures:
  a shrieker
  a gnome leader
  a coyote
  2 gnomes
  a gecko
  5 jackals
  a goblin
  a lichen
  a kobold zombie
  9 newts
23 creatures vanquished.

No species were genocided or became extinct.

Game over:
                       ----------
                      /          \
                     /    REST    \
                    /      IN      \
                   /     PEACE      \
                  /                  \
                  |   Kwijibo4686    |
                  |      13 Au       |
                  |   killed by a    |
                  |  crossbow bolt   |
                  |                  |
                  |                  |
                  |       2026       |
                 *|     *  *  *      | *
        _________)/\\_//(\/(/\)/\//\/|_)_______

Farvel Kwijibo4686 the Valkyrie...

You died in The Gnomish Mines on dungeon level 3 with 336 points,
and 13 pieces of gold, after 1037 moves.
You were level 3 with a maximum of 28 hit points when you died.

